 Dungeon Crawl Stone Soup version 0.28-a0-1382-g92835e5c71 (webtiles) character file.

Game seed: 16708613522560125647

2109 bande the Protected (level 9, 0/55 HPs)
             Began as a Gargoyle Fighter on Jan 2, 2022.
             Was an Initiate of Okawaru.
             Slain by Harold (16 damage)
             ... on level 7 of the Dungeon.
             The game lasted 00:16:17 (9858 turns).

bande the Protected (Gargoyle Fighter)              Turns: 9858, Time: 00:16:18

Health: 0/55       AC: 27    Str: 21    XL:     9   Next: 28%
Magic:  10/10      EV:  8    Int:  8    God:    Okawaru [......]
Gold:   368        SH:  5    Dex: 13    Spells: 8/8 levels left

rFire   . . .      SeeInvis .   i - +1 hand axe (flame)
rCold   + . .      Faith    .   c - +0 buckler
rNeg    + . .      Spirit   .   k - +0 chain mail
rPois   ∞          Reflect  .   (helmet restricted)
rElec   +          Harm     .   n - +0 cloak
rCorr   .          Rampage  .   g - +2 pair of gloves
Will    .....                   e - +0 pair of boots
Stlth   ..........              (no amulet)
HPRegen 0.18/turn               m - +4 ring of protection
MPRegen 0.12/turn               (no ring)

@: mighty, marked
A: sickness immunity, AC +6, negative energy resistance 1, electricity
resistance, torment resistance 1, petrification resistance, antennae 1, cold
resistance 1
a: Renounce Religion


You were on level 7 of the Dungeon.
You worshipped Okawaru.
Okawaru was noncommittal.
You visited 1 branch of the dungeon, and saw 7 of its levels.

You collected 368 gold pieces.

Inventory:

Hand Weapons
 a - a +0 war axe
 h - a +0 war axe
 i - a +1 hand axe of flaming (weapon)
Armour
 c - a +0 buckler (worn)
 e - a +0 pair of boots (worn)
 g - a +2 pair of gloves (worn)
 k - a +0 chain mail (worn)
 n - a +0 cloak (worn)
Jewellery
 j - a ring of magical power
 m - a +4 ring of protection (left hand)
Scrolls
 o - a scroll of teleportation
 r - 3 scrolls of identify
 s - a scroll of magic mapping
 u - a scroll of noise {unknown}
Potions
 b - a potion of flight
 f - 3 potions of curing
 l - 3 potions of resistance {unknown}
 p - a potion of magic {unknown}
 q - 2 potions of attraction {unknown}
 t - a potion of brilliance {unknown}


   Skills:
 + Level 6.0 Fighting
 + Level 7.2 Axes
 + Level 8.0 Armour
 - Level 0.3 Dodging
 + Level 5.2 Shields
 * Level 2.0 Invocations


You had 8 spell levels left.
You didn't know any spells.
Your spell library contained the following spells:

 Spells                   Type           Power      Damage    Failure   Level
 Gell's Gravitas          Tloc           0%         N/A       100%        3
 Lesser Beckoning         Tloc           0%         N/A       100%        3
 Teleport Other           Tloc           0%         N/A       100%        3
 Passage of Golubria      Tloc           0%         N/A       100%        4
 Yara's Violent Unravell  Hex/Tmut       0%         3d3       100%        5
 Tukima's Dance           Hex            Unusable   N/A       N/A         3

Dungeon Overview and Level Annotations

Branches:
Dungeon (7/15)
 Temple: D:4-7

Altars:
Ashenzari
Cheibriados
Dithmenos
Fedhas
Okawaru
Uskayaw
Yredelemnul

Shops:
D:2 :

Annotations:
D:7 Harold


Innate Abilities, Weirdness & Mutations

You are immune to sickness and miasma.
Your stone body is resilient. (AC +6)
You are immune to poison.
You resist negative energy. (rN+)
You are resistant to electric shocks. (rElec)
You are resistant to unholy torment.
You are immune to petrification.
You have a pair of small antennae on your head.
Your flesh is cold resistant. (rC+)


Message History

You hit Harold. You burn Harold.
Harold is lightly wounded.
Harold hits you with a +0 halberd!
You slash Harold! You burn Harold.
Harold is moderately wounded.
You block Harold's attack.
You feel better. Harold hits you with a +0 halberd.
You feel better. Harold hits you but does no damage.
You hit Harold. You burn Harold.
Harold is moderately wounded.
Harold barely misses you.
You hit Harold. You burn Harold.
Harold is heavily wounded.
Harold completely misses you.
You closely miss Harold.
Harold is heavily wounded.
Harold hits you with a +0 halberd.
You hit Harold. You burn Harold.
Harold is heavily wounded.
You block Harold's attack.
You hit Harold but do no damage.
Harold is heavily wounded.
Harold hits you but does no damage.
You hit Harold. You burn Harold.
Harold is heavily wounded.
Harold hits you with a +0 halberd!
* * * LOW HITPOINT WARNING * * *
You hit Harold. You burn Harold.
Harold is severely wounded.
Harold points at you and mumbles some strange words.
A sentinel's mark forms upon you.
You hit Harold but do no damage.
Harold is severely wounded.
Harold barely misses you.
You feel very mighty all of a sudden. You block Harold's attack.
You slash Harold! You burn Harold.
Harold is almost dead.
Harold hits you with a +0 halberd!
You die...

...... #..#. #....
.... #..#
#..###########
#######@.##.........
.......@.##..<......
######...##.<.#
#.!......#
#.....>..#
##########


You could see Harold.

Vanquished Creatures
  Pikel (D:4)
  Grinder (D:5)
  A water moccasin (D:3)
  An ice beast (D:5)
  A black bear (D:5)
  Blork the orc (D:6)
  2 lemures (D:3)
  A bullfrog (D:7)
  A gnoll sergeant (D:6)
  2 scorpions (D:5)
  A water moccasin zombie (D:5)
  A wyvern skeleton (D:7)
  4 wights
  3 orc priests
  A bullfrog skeleton (D:6)
  4 hounds
  A gnoll shaman (D:5)
  2 iguanas
  2 orc wizards
  A hound skeleton (D:4)
  A mummy (D:5)
  13 gnolls
  3 adders
  A worm (D:2)
  A dart slug (D:1)
  16 orcs
  4 bats
  3 endoplasms
  4 giant cockroaches
  5 goblins
  3 hobgoblins
  7 jackals (D:1)
  10 kobolds
  5 quokkas
  9 ball pythons
  3 frilled lizards
  2 rats
122 creatures vanquished.

Notes
Turn   | Place    | Note
-------+----------+-------------------------------------------
     0 | D:1      | bande the Gargoyle Fighter began the quest for the Orb.
     0 | D:1      | Reached XP level 1. HP: 14/14 MP: 1/1
   109 | D:1      | Reached XP level 2. HP: 19/19 MP: 2/2
   802 | D:1      | Reached XP level 3. HP: 20/23 MP: 3/3
   911 | D:1      | Found a faded altar of an unknown god.
   983 | D:2      | You fall into a shaft and drop 1 floor!
  1429 | D:3      | Reached XP level 4. HP: 29/29 MP: 4/4
  1706 | D:2      | Found Ibijer's Book Shop.
  2371 | D:2      | Gained mutation: You have a pair of small antennae on your
                  | head. [potion of mutation]
  2371 | D:2      | Gained mutation: Your flesh is cold resistant. (rC+)
                  | [potion of mutation]
  2655 | D:2      | Reached XP level 5. HP: 23/33 MP: 5/5
  2878 | D:3      | Reached skill level 4 in Armour
  2975 | D:3      | Found a hide-covered altar of Uskayaw.
  4541 | D:3      | Found a basalt altar of Yredelemnul.
  4734 | D:3      | Noticed a water moccasin
  4747 | D:3      | Killed a water moccasin
  4748 | D:3      | Reached XP level 6. HP: 34/39 MP: 6/6
  5555 | D:4      | Noticed Pikel
  5588 | D:4      | Killed Pikel
  5589 | D:4      | Reached skill level 5 in Fighting
  5589 | D:4      | Reached skill level 5 in Axes
  5589 | D:4      | Reached skill level 6 in Armour
  5589 | D:4      | Reached XP level 7. HP: 9/44 MP: 7/7
  5888 | D:4      | Found a broken altar of Ashenzari.
  5905 | D:4      | Reached XP level 8. HP: 32/49 MP: 8/8
  6043 | D:4      | Found a blossoming altar of Fedhas.
  6862 | D:5      | Entered Level 5 of the Dungeon
  6918 | D:5      | Noticed Grinder
  6926 | D:5      | Paralysed by Grinder for 4 turns
  6952 | D:5      | Paralysed by Grinder for 3 turns
  6965 | D:5      | Paralysed by Grinder for 6 turns
  6980 | D:5      | Paralysed by Grinder for 7 turns
  6991 | D:5      | Killed Grinder
  6992 | D:5      | Reached skill level 7 in Armour
  7931 | D:5      | Found a snail-covered altar of Cheibriados.
  8001 | D:5      | Found a shadowy altar of Dithmenos.
  8424 | D:6      | Reached skill level 5 in Shields
  8475 | D:6      | Found an iron altar of Okawaru.
  8479 | D:6      | Became a worshipper of Warmaster Okawaru
  8643 | D:5      | Reached XP level 9. HP: 55/55 MP: 9/9
  8974 | D:5      | Reached skill level 1 in Invocations
  9567 | D:6      | Noticed Blork the orc
  9576 | D:6      | Killed Blork the orc
  9835 | D:7      | Noticed Harold
  9841 | D:7      | Reached skill level 8 in Armour
  9858 | D:7      | Slain by Harold

Illustrated notes

Levels and vault maps discovered:
D:1:      nzn_arrival_crosshair, layout_basic,
          dreamdust_ecumenical_altar_angels_and_demons,
          chequers_serial_rivers_room_b, chequers_serial_rivers_marsh
D:2:      layout_basic, serial_shops, nicolae_shop_waterfront,
          amcnicky_mini_pool_small, roderic_malta_cross,
          minmay_goblin_kobold_house
D:3:      layout_loops_ring, mainiacjoe_overflow_tiny_flanked,
          eat_drink_and_be_merry_uskayaw
D:4:      layout_rooms, fedhas_altar_4, evilmike_ruin_ashenzari,
          lemuel_another_geyser, uniq_pikel
D:5:      layout_basic, lemuel_tele_altar, slow_altar_1, uniq_grinder
D:6:      layout_gridville, mainiacjoe_overflow_24_doors,
          minmay_misc_feat_four_crosses, uniq_blork_the_orc
D:7:      kb_forest_paths, layout_loops_ring,
          mainiacjoe_overflow_six_doors_small, minmay_temple_entry_trees,
          uniq_duvessa, uniq_harold

Skill      XL: |  1  2  3  4  5  6  7  8  9 |
---------------+----------------------------+-----
Axes           | 2 3 4 5 6 7 |  7.2
Fighting       | 4 5 6 |  6.0
Armour         | 4 6 7 8 |  8.0
Shields        | 4 5 |  5.2
Invocations    | 2 |  2.0
Dodging        | |  0.3

Action                   |  1- 3 |  4- 6 |  7- 9 || total
-------------------------+-------+-------+-------++-------
Melee: War axe           |    82 |    83 |       ||   165
       Hand axe          |       |   120 |   249 ||   369
  Use: Scroll            |       |     7 |     4 ||    11
       Potion            |       |     1 |     4 ||     5
Armor: Scale mail        |    63 |    57 |       ||   120
       Chain mail        |       |    75 |   167 ||   242
Dodge: Dodged            |    63 |    63 |    90 ||   216
Block: Buckler           |    18 |    35 |    50 ||   103

Table legend: (Time is in decaauts)
 A = Elapsed time spent in this place.
 B = Non-inter-level travel time spent in this place.
 C = Inter-level travel time spent in this place.
 D = Time resting spent in this place.
 E = Time spent auto-exploring this place.
 F = Levels seen in this place.
 G = Mean time per level.
                   A        B        C        D        E       F      G
               +--------+--------+--------+--------+--------+-----+--------+
         Total |   9947 |   9926 |     21 |   5057 |   3075 |   7 | 1421.0 |
       Dungeon |   9947 |   9926 |     21 |   5057 |   3075 |   7 | 1421.0 |
               +--------+--------+--------+--------+--------+-----+--------+

Top non-repeatable levels by time:
     D:2: 2762 daAuts
     D:5: 2218 daAuts
     D:3: 1798 daAuts
     D:4: 1403 daAuts
     D:1: 986 daAuts
     D:6: 742 daAuts
     D:7: 36 daAuts
